[Event "Titled Tuesday Blitz May 10 Early 2022"]
[White "Clawitter, Craig"]
[Black "Mammadzada, Gunay"]
[WhiteFideId "2023105"]
[BlackFideId "13403729"]
[WhiteElo "2300"]
[BlackElo "2242"]
[Result "0-1"]
[Round "04"]
[TimeControl "180+1"]
[Date "2022.05.11"]
[WhiteClock "0:00:06"]
[BlackClock "0:00:09"]

1. e4 d6 2. d4 Nf6 3. Nc3 g6 4. Be3 Bg7 5. Qd2 a6 6. Nf3 Nbd7 7. h3 b5 8. e5 b4 9. Nd1 Nd5 10. Bh6 O-O 11. h4 dxe5 12. Bxg7 Kxg7 13. dxe5 N7b6 14. h5 Rh8 15. Bd3 Bg4 16. Ne3 Bxf3 17. gxf3 Nf4 18. Nf5+ gxf5 19. Qxf4 e6 20. Rg1+ Kf8 21. O-O-O h6 22. Bxf5 Nd5 23. Qc4 Qe7 24. Be4 Nb6 25. Qe2 Ra7 26. Bc6 a5 27. Qe4 a4 28. f4 a3 29. b3 Ra5 30. Rd3 Rc5 31. Rgd1 Kg7 32. Rd7 Nxd7 33. Rxd7 Qh4 34. f5 Qg5+ 35. f4 Qxf5 36. Qxf5 exf5 37. e6 Rf8 38. e7 Re8 39. Rxc7 Rxc6 40. Rxc6 Rxe7 41. Rc4 Re4 42. Rxe4 fxe4 43. Kd2 Kf6 44. Ke3 Kf5 45. Kd4 Kxf4 46. c4 bxc3 47. Kxc3 e3 48. b4 Kf3 49. b5 e2 50. Kd2 Kf2 51. Kd3 e1=Q 0-1


[Site "https://www.chess.com"]

[Event "Titled Tuesday Blitz May 10 Early 2022"]
[White "Cunha, Lucas Aguiar"]
[Black "Sarana, Alexey"]
[WhiteFideId "2125404"]
[BlackFideId "24133795"]
[WhiteElo "2361"]
[BlackElo "2666"]
[Result "0-1"]
[Round "04"]
[TimeControl "180+1"]
[Date "2022.05.10"]
[WhiteClock "0:01:27"]
[BlackClock "0:00:12"]

1. e4 c5 2. Nf3 d6 3. d4 cxd4 4. Qxd4 Nc6 5. Bb5 Bd7 6. Bxc6 Bxc6 7. Bg5 h6 8. Bh4 a6 9. Nc3 e5 10. Qd3 g5 11. Bg3 Nf6 12. h4 g4 13. Nd2 b5 14. a3 Qb6 15. h5 Qd4 16. Qe2 Rg8 17. O-O-O Qb6 18. Nb3 a5 19. Nd5 Bxd5 20. exd5 a4 21. Nd4 b4 22. Bxe5 dxe5 23. Qxe5+ Kd7 24. Qf5+ Kc7 25. Nc6 bxa3 26. Qxf6 axb2+ 27. Kb1 a3 28. Ka2 Qc5 29. Qxf7+ Kb6 30. Rd4 Qxc2 31. Rb1 Qxb1+ 32. Kxb1 a2+ 33. Kxb2 a1=Q+ 34. Kc2 Ra2+ 35. Kd3 Qd1+ 36. Ke4 Re2+ 0-1


[Site "https://www.chess.com"]

[Event "Titled Tuesday Blitz May 10 Early 2022"]
[White "Cunjalo, Faris"]
[Black "Arias, Juan Cruz"]
[WhiteFideId "14410710"]
[BlackFideId "118540"]
[WhiteElo "2847"]
[BlackElo "2583"]
[Result "1-0"]
[Round "04"]
[TimeControl "180+1"]
[Date "2022.05.11"]
[WhiteClock "0:00:05"]
[BlackClock "0:00:12"]

1. d4 e6 2. c4 Nf6 3. Nc3 Bb4 4. Qc2 O-O 5. e4 d6 6. e5 Nfd7 7. Nf3 Nc6 8. Bf4 Nxd4 9. Nxd4 dxe5 10. Nxe6 fxe6 11. Be3 Nf6 12. Bd3 Bd7 13. O-O-O Qe8 14. Ne4 h6 15. Nxf6+ Rxf6 16. Bh7+ Kh8 17. Be4 Ba4 18. b3 Bc6 19. g4 a5 20. a4 Bxe4 21. Qxe4 c6 22. Rhg1 b5 23. g5 hxg5 24. Rxg5 Rf5 25. Rxf5 exf5 26. Qxf5 bxc4 27. bxc4 Rd8 28. Rg1 Qd7 29. Qxd7 Rxd7 30. Kc2 e4 31. Rg6 Rd3 32. Rxc6 Ra3 33. c5 Rxa4 34. Rc8+ Kh7 35. c6 Ra3 36. Bd4 Rd3 37. Rd8 Bc5 38. c7 Bxd4 39. c8=Q 1-0


[Site "https://www.chess.com"]

[Event "Titled Tuesday Blitz May 10 Early 2022"]
[White "Danaci, Ege"]
[Black "Kruckenhauser, Arthur"]
[WhiteFideId "34506748"]
[BlackFideId "1642812"]
[WhiteElo "1799"]
[BlackElo "2243"]
[Result "0-1"]
[Round "04"]
[TimeControl "180+1"]
[Date "2022.05.11"]
[WhiteClock "0:00:03"]
[BlackClock "0:00:12"]

1. e4 e5 2. Nf3 Nc6 3. d4 exd4 4. Nxd4 Nf6 5. Nxc6 bxc6 6. Bd3 d5 7. exd5 cxd5 8. O-O Be7 9. c4 O-O 10. Nc3 Bb7 11. Bg5 d4 12. Bxf6 Bxf6 13. Ne2 Re8 14. Re1 Qd6 15. Qc2 g6 16. Ng3 Bg7 17. Be4 d3 18. Bxd3 f5 19. Rad1 Qc6 20. f3 h5 21. c5 h4 22. Qc4+ Kf8 23. Qxh4 Qxc5+ 24. Kh1 Qf2 25. Rf1 Qb6 26. Bc4 Qf6 27. Qf4 Qe5 28. Qd2 Qc5 29. b3 a5 30. Qg5 Qb6 31. Rd7 Re6 32. Nxf5 Bf6 33. Qh6+ Ke8 34. Bxe6 Qxe6 35. Rdd1 Qxf5 36. Rfe1+ Be7 37. Qh8+ Qf8 38. Qe5 Rd8 39. Rxd8+ Kxd8 40. Qe6 Bc8 41. Rd1+ Bd6 42. Qd5 Qf4 43. Qxa5 Qxh2# 0-1


[Site "https://www.chess.com"]

[Event "Titled Tuesday Blitz May 10 Early 2022"]
[White "Dang, Hoang Son"]
[Black "Dubov, Daniil"]
[WhiteFideId "12402435"]
[BlackFideId "24126055"]
[WhiteElo "2252"]
[BlackElo "2791"]
[Result "0-1"]
[Round "04"]
[TimeControl "180+1"]
[Date "2022.05.10"]
[WhiteClock "0:00:07"]
[BlackClock "0:00:41"]

1. d4 g6 2. Bf4 d6 3. e3 Bg7 4. Nf3 Nd7 5. Bc4 e5 6. Bg5 Ne7 7. Nc3 h6 8. Bh4 O-O 9. Nd5 g5 10. Bg3 Nf5 11. dxe5 dxe5 12. e4 Nd6 13. Bd3 c6 14. Nc3 Qe7 15. Qe2 Nc5 16. h4 g4 17. Nd2 f5 18. O-O-O f4 19. Bh2 Nxd3+ 20. Qxd3 Be6 21. f3 g3 22. Bg1 b6 23. Nb3 Rad8 24. Qe2 Rd7 25. Qe1 Rfd8 26. Rd2 h5 27. Rd3 Bf6 28. Rd2 Bf7 29. Rd3 Bxh4 30. Ne2 Bg5 31. Qc3 h4 32. a4 Nc4 33. a5 c5 34. Rd5 Rxd5 35. exd5 Rxd5 36. axb6 axb6 37. Qe1 Qd7 38. Nc3 Bg6 39. Nxd5 Qxd5 40. Nd2 Nxd2 41. Qxd2 Qxd2+ 42. Kxd2 e4 43. fxe4 Bxe4 44. Ke2 Bxg2 0-1


[Site "https://www.chess.com"]

[Event "Titled Tuesday Blitz May 10 Early 2022"]
[White "De Arruda, Leandro Formes"]
[Black "Melikhov, Evgeny V."]
[WhiteFideId "22722009"]
[BlackFideId "4122046"]
[WhiteElo "1852"]
[BlackElo "1931"]
[Result "0-1"]
[Round "04"]
[TimeControl "180+1"]
[Date "2022.05.11"]
[WhiteClock "0:00:06"]
[BlackClock "0:01:06"]

1. d4 Nf6 2. e3 d5 3. Nf3 c5 4. c3 Nc6 5. Nbd2 cxd4 6. exd4 Bf5 7. Be2 e6 8. O-O Bd6 9. Re1 h6 10. Nf1 O-O 11. Ng3 Bh7 12. Bd3 Bxd3 13. Qxd3 Qc7 14. Be3 a6 15. Qd2 Ne4 16. Nxe4 dxe4 17. Nh4 f5 18. g3 e5 19. Ng6 Rf6 20. dxe5 Bxe5 21. Qd5+ Kh7 22. Nxe5 Qxe5 23. Qxe5 Nxe5 24. Red1 Nd3 25. b3 Rd8 26. Bd4 Rfd6 27. Kg2 g5 28. f3 b5 29. fxe4 fxe4 30. a3 a5 31. b4 a4 32. Rd2 Ne5 33. Re2 Nf3 34. Rxe4 Nxd4 35. cxd4 Rxd4 36. Rae1 Rxe4 37. Rxe4 Rd3 38. Re5 Rxa3 39. Rxb5 Rb3 40. Rb7+ Kg6 41. b5 a3 42. Ra7 g4 43. b6 Rb2+ 44. Kg1 a2 0-1


[Site "https://www.chess.com"]

[Event "Titled Tuesday Blitz May 10 Early 2022"]
[White "De Silva, L M S T"]
[Black "Stankovic, Ivan G"]
[WhiteFideId "9953698"]
[BlackFideId "902837"]
[WhiteElo "1631"]
[BlackElo "2195"]
[Result "1/2-1/2"]
[Round "04"]
[TimeControl "180+1"]
[Date "2022.05.11"]
[WhiteClock "0:00:21"]
[BlackClock "0:00:15"]

1. e4 c5 2. Nf3 Nc6 3. Bb5 g6 4. O-O Bg7 5. c3 Nf6 6. Re1 O-O 7. d4 cxd4 8. cxd4 d5 9. e5 Ne4 10. Nc3 Nxc3 11. bxc3 Bg4 12. h3 Bxf3 13. Qxf3 Qa5 14. Bxc6 bxc6 15. a4 e6 16. Ba3 Rfb8 17. Bb4 Qa6 18. Reb1 Bf8 19. Bxf8 Rxf8 20. Rb4 Rab8 21. Rab1 Rb6 22. h4 h5 23. g4 hxg4 24. Qe3 Rfb8 25. h5 Rxb4 26. cxb4 Qxa4 27. Rc1 Rxb4 28. hxg6 Rxd4 29. Qh6 Rd1+ 30. Kh2 fxg6 31. Qxg6+ Kh8 32. Qf6+ Kh7 33. Qf7+ Kh6 34. Qxe6+ Kg5 35. Qf6+ Kh5 36. Qf7+ Kg5 37. Rxd1 Qxd1 38. e6 g3+ 39. Kxg3 Qg4+ 40. Kh2 Qh4+ 41. Kg2 Qg4+ 42. Kh1 Qh4+ 43. Kg1 Qg4+ 44. Kf1 Qd1+ 45. Kg2 Qg4+ 46. Kh2 Qh4+ 1/2-1/2


[Site "https://www.chess.com"]

[Event "Titled Tuesday Blitz May 10 Early 2022"]
[White "De Souza, Cristiano Gomes"]
[Black "Pourkashiyan, Atousa"]
[WhiteFideId "2151758"]
[BlackFideId "12502014"]
[WhiteElo "2068"]
[BlackElo "2247"]
[Result "1-0"]
[Round "04"]
[TimeControl "180+1"]
[Date "2022.05.11"]
[WhiteClock "0:00:18"]
[BlackClock "0:01:05"]

1. d4 Nf6 2. c4 e6 3. Nf3 b6 4. g3 Ba6 5. b3 Bb4+ 6. Bd2 Be7 7. Bc3 d5 8. Bg2 dxc4 9. Ne5 Nd5 10. bxc4 Nxc3 11. Nxc3 O-O 12. Bxa8 c6 13. Nxc6 Nxc6 14. Bxc6 Bxc4 15. O-O Qc7 16. Be4 Rd8 17. Rc1 Bf6 18. Nb5 Qc8 19. Nxa7 Qa6 20. Nc6 Rd6 21. Qc2 Bxe2 22. Rfe1 Bb5 23. Nb4 Qa3 24. Bxh7+ Kh8 25. Rb1 Bxd4 26. Be4 g6 27. Qc8+ Kg7 28. Qc7 Bc5 29. Rb3 Qa5 30. Nc2 Rd2 31. Ne3 Qxa2 32. Rxb5 Rxf2 33. Qe5+ f6 34. Qc7+ Kh6 35. Rxc5 bxc5 36. Ng4+ Kg5 37. Nxf2 e5 38. Qxc5 Qd2 39. Qe3+ Qxe3 40. Rxe3 f5 41. Bxf5 gxf5 42. Kg2 Kf6 43. Ra3 e4 44. Nxe4+ fxe4 45. Re3 Ke5 46. Rxe4+ Kxe4 47. h4 Kf5 48. Kh3 Kg6 49. g4 Kh6 50. Kg3 Kg6 51. Kf4 Kh6 52. h5 Kg7 53. Kf5 Kh6 54. g5+ Kxh5 55. Kf6 Kg4 56. g6 Kf4 57. g7 1-0


[Site "https://www.chess.com"]

[Event "Titled Tuesday Blitz May 10 Early 2022"]
[White "Demchenko, Anton"]
[Black "Maevsky, Nikolay"]
[WhiteFideId "4160258"]
[BlackFideId "4198220"]
[WhiteElo "2539"]
[BlackElo "2149"]
[Result "1-0"]
[Round "04"]
[TimeControl "180+1"]
[Date "2022.05.10"]
[WhiteClock "0:00:34"]
[BlackClock "0:00:18"]

1. e4 c6 2. d4 d5 3. e5 Bf5 4. Bd3 Bxd3 5. Qxd3 e6 6. c3 c5 7. Ne2 Nc6 8. O-O Qb6 9. a3 Nge7 10. Nd2 cxd4 11. cxd4 Nf5 12. Nf3 h5 13. b4 Rc8 14. Ng3 Nfxd4 15. Bb2 Nxf3+ 16. Qxf3 g6 17. Qf6 Rg8 18. Qf4 Bg7 19. Rfe1 Ne7 20. Rac1 Rc6 21. Bd4 Qa6 22. Bc5 Nc8 23. Qe3 Rh8 24. Ne2 b6 25. Bd6 Qb7 26. Nd4 Rxd6 27. exd6 Nxd6 28. Nxe6 Nf5 29. Nxg7+ Kf8 30. Nxf5 gxf5 31. Qe5 Rg8 32. Rc7 Qa8 33. Qe7+ Kg7 34. Qxf7+ Kh6 35. Qh7+ Kg5 36. g3 d4 37. Rg7+ Rxg7 38. Qxg7# 1-0


[Site "https://www.chess.com"]

[Event "Titled Tuesday Blitz May 10 Early 2022"]
[White "Derraugh, Geordie"]
[Black "Barria Zuniga, Daniel"]
[WhiteFideId "2603950"]
[BlackFideId "3400816"]
[WhiteElo "2116"]
[BlackElo "2414"]
[Result "0-1"]
[Round "04"]
[TimeControl "180+1"]
[Date "2022.05.11"]
[WhiteClock "0:01:34"]
[BlackClock "0:01:29"]

1. e4 c5 2. c3 Nc6 3. d4 d5 4. exd5 Qxd5 5. Nf3 Bf5 6. Na3 cxd4 7. Bc4 Qe4+ 8. Be3 O-O-O 9. cxd4 e5 10. Ng5 Qxg2 11. Rf1 Bb4+ 12. Bd2 Qxg5 13. Bxb4 Nxb4 14. Qb3 Nc6 15. Bd5 Nge7 16. Bxc6 Nxc6 17. d5 Nd4 18. Qc4+ Kb8 19. f4 Qh4+ 20. Kd2 Qxh2+ 0-1


[Site "https://www.chess.com"]

[Event "Titled Tuesday Blitz May 10 Early 2022"]
[White "Devaev, Alexander"]
[Black "Kwon, Sehyun"]
[WhiteFideId "4169395"]
[BlackFideId "13203088"]
[WhiteElo "2185"]
[BlackElo "1778"]
[Result "0-1"]
[Round "04"]
[TimeControl "180+1"]
[Date "2022.05.11"]
[WhiteClock "0:01:15"]
[BlackClock "0:00:12"]

1. d4 Nf6 2. c4 e6 3. Nf3 d5 4. cxd5 exd5 5. Nc3 Bb4 6. Bd2 O-O 7. Rc1 Re8 8. a3 Bxc3 9. Bxc3 c6 10. Bd2 Bg4 11. Bg5 Nbd7 12. e3 Qa5+ 13. Qd2 Qb6 14. Bd3 Ne4 15. Bxe4 dxe4 16. Ng1 h6 17. Bh4 Nf8 18. h3 Bf5 19. Ne2 Ng6 20. Bg3 Rad8 21. b4 Qa6 22. Rc3 Qd3 23. Rxd3 exd3 24. Nf4 Rxd4 25. Nxg6 Bxg6 26. O-O Rc4 27. Rc1 Rc2 28. Rxc2 dxc2 29. Be5 Rxe5 30. f3 Rd5 0-1


[Site "https://www.chess.com"]

[Event "Titled Tuesday Blitz May 10 Early 2022"]
[White "Donchenko, Alexander"]
[Black "Kaasen, Tor Fredrik"]
[WhiteFideId "24603295"]
[BlackFideId "1516647"]
[WhiteElo "2572"]
[BlackElo "2335"]
[Result "1/2-1/2"]
[Round "04"]
[TimeControl "180+1"]
[Date "2022.05.10"]
[WhiteClock "0:00:24"]
[BlackClock "0:00:06"]

1. d4 Nf6 2. Nf3 d5 3. Bf4 c5 4. e3 Nc6 5. Nbd2 e6 6. c3 cxd4 7. exd4 Nh5 8. Be3 Bd6 9. Ne5 g6 10. Ndf3 f6 11. Nxc6 bxc6 12. Be2 O-O 13. O-O e5 14. dxe5 fxe5 15. Bh6 Ng7 16. Bg5 Qc7 17. h3 e4 18. Nd4 Ne6 19. Bh6 Rf7 20. Nxe6 Bxe6 21. c4 Be5 22. cxd5 cxd5 23. Rc1 Qe7 24. Bg4 Qd7 25. Bxe6 Qxe6 26. b4 d4 27. Re1 Qf5 28. Qe2 Re8 29. Kh1 Bb8 30. Rcd1 Qe5 31. f4 Rxf4 32. Bxf4 Qxf4 33. g4 Rf8 34. Rf1 Qg3 35. Qc4+ Kg7 36. Qxd4+ Be5 37. Qd7+ Kh6 38. Qd2+ e3 39. Qg2 Qxg2+ 40. Kxg2 e2 41. Rfe1 exd1=Q 42. Rxd1 Rc8 43. Rd7 Rc2+ 44. Kf3 Rxa2 45. h4 Bf6 46. g5+ Bxg5 47. hxg5+ Kxg5 48. Rxh7 Ra3+ 49. Kg2 Kg4 50. Rc7 Ra2+ 51. Kg1 g5 52. b5 Kh3 53. Rc3+ Kh4 54. Rb3 g4 55. b6 axb6 56. Rxb6 Kh3 57. Rb3+ g3 58. Rb1 Rg2+ 59. Kh1 Rh2+ 60. Kg1 Rg2+ 61. Kh1 Rh2+ 62. Kg1 Rg2+ 1/2-1/2


[Site "https://www.chess.com"]

[Event "Titled Tuesday Blitz May 10 Early 2022"]
[White "Wagner, Dinara"]
[Black "Onslow, Alfie"]
[WhiteFideId "24157570"]
[BlackFideId "436976"]
[WhiteElo "2216"]
[BlackElo "1885"]
[Result "1-0"]
[Round "04"]
[TimeControl "180+1"]
[Date "2022.05.11"]
[WhiteClock "0:00:38"]
[BlackClock "0:00:28"]

1. d4 Nf6 2. c4 c5 3. d5 b5 4. cxb5 a6 5. e3 axb5 6. Bxb5 g6 7. Nc3 Bg7 8. Nf3 O-O 9. O-O Qa5 10. a4 Ba6 11. Bd2 d6 12. Qc2 Nbd7 13. Rfd1 Rfb8 14. Rab1 Ne8 15. b3 Bxb5 16. Nxb5 Qa6 17. Bc3 Rb7 18. Bxg7 Kxg7 19. Qc3+ Kg8 20. e4 Nc7 21. Nxc7 Rxc7 22. e5 c4 23. e6 fxe6 24. dxe6 Nc5 25. Ng5 Nxb3 26. Nf7 h5 27. Rxb3 cxb3 28. Qxc7 Qe2 29. Rf1 Qxe6 30. Ng5 Qe5 31. Qc4+ d5 32. Qc6 Qxg5 33. Qxa8+ Kg7 34. Qb7 d4 35. Qxb3 Qc5 36. Rd1 e5 37. h4 e4 38. Qb7+ Kh6 39. Qxe4 Qb4 40. Qxd4 Qb3 41. Qh8# 1-0


[Site "https://www.chess.com"]

[Event "Titled Tuesday Blitz May 10 Early 2022"]
[White "Dorokhin, Mykhailo"]
[Black "Liyanage, Ranindu Dilshan"]
[WhiteFideId "14114178"]
[BlackFideId "9915834"]
[WhiteElo "2280"]
[BlackElo "1858"]
[Result "0-1"]
[Round "04"]
[TimeControl "180+1"]
[Date "2022.05.11"]
[WhiteClock "0:00:20"]
[BlackClock "0:00:58"]

1. e4 e6 2. d4 d5 3. exd5 exd5 4. Nc3 Nf6 5. Bd3 c5 6. Bg5 c4 7. Be2 Be7 8. Nf3 Nc6 9. O-O h6 10. Bf4 O-O 11. Re1 Bf5 12. Qd2 Qb6 13. Rab1 Bb4 14. a3 Ne4 15. Qe3 Bxc3 16. bxc3 Qa5 17. Bxh6 gxh6 18. Qxh6 Qxc3 19. Rxb7 Nxd4 20. Kf1 Nxe2 21. Rxe2 Rab8 22. Rxb8 Rxb8 23. Re1 Qxc2 24. Qf4 Qxf2# 0-1


[Site "https://www.chess.com"]

[Event "Titled Tuesday Blitz May 10 Early 2022"]
[White "Estrada Nieto, Julian"]
[Black "Jeet, Jain"]
[WhiteFideId "5101018"]
[BlackFideId "5073022"]
[WhiteElo "2252"]
[BlackElo "2028"]
[Result "1/2-1/2"]
[Round "04"]
[TimeControl "180+1"]
[Date "2022.05.11"]
[WhiteClock "0:00:02"]
[BlackClock "0:00:01"]

1. e4 c5 2. Nf3 d6 3. Bb5+ Nd7 4. d4 a6 5. Bxd7+ Bxd7 6. Nc3 g6 7. Be3 Rc8 8. dxc5 dxc5 9. Qd2 Nf6 10. O-O-O Bg7 11. Ne5 b6 12. Bh6 Nxe4 13. Bxg7 Nxd2 14. Rxd2 Rg8 15. Rxd7 Qxd7 16. Nxd7 Kxd7 17. Be5 f6 18. Rd1+ Kc6 19. Bf4 e5 20. Be3 Rcd8 21. f3 Rxd1+ 22. Kxd1 Rd8+ 23. Ke2 f5 24. a4 b5 25. axb5+ axb5 26. Nd1 Ra8 27. b3 Ra2 28. Kd2 Ra8 29. Bg5 Ra7 30. Nf2 Rd7+ 31. Ke2 c4 32. bxc4 bxc4 33. Nd1 Kb5 34. Bd2 Ka4 35. Nc3+ Ka3 36. Bc1+ Kb4 37. Bd2 Kc5 38. Be3+ Kb4 39. Bd2 Kc5 40. Be3+ Kc6 41. g4 Rb7 42. h4 Rb2 43. Kd2 Rb8 44. Bg5 Rb7 45. Ke2 Kc5 46. gxf5 gxf5 47. h5 Rg7 48. Be3+ Kc6 49. Kf2 Rb7 50. Ke2 Rg7 51. Kf2 f4 52. Bd2 Rg5 53. h6 Rh5 54. Ne4 Rh2+ 55. Ke1 Rxh6 56. Bc3 Kd5 57. Nf2 Rg6 58. Ke2 h5 59. Kf1 Rg3 60. Ke2 h4 61. Be1 Rg6 62. Ng4 h3 63. Kf1 e4 64. fxe4+ Kxe4 65. Nf2+ Ke3 66. Nxh3 f3 67. Nf2 Ra6 68. Ng4+ Kf4 69. Nf2 Ra1 70. Nh3+ Ke3 71. Nf2 c3 72. Ng4+ Kf4 73. Nf2 Ke3 74. Nd3 Ra2 75. Bf2+ Kd2 76. Be1+ Kd1 77. Ne5 Rxc2 78. Nxf3 Rc1 79. Bxc3 Rxc3 80. Kf2 Rc7 81. Kg3 Kc2 82. Ne5 Ra7 83. Kf4 Ra1 84. Kf5 Kc3 85. Ng4 Kd4 86. Nf6 Rf1+ 87. Ke6 Re1+ 88. Kd6 Rf1 89. Nd5 Rf5 90. Ne7 Rh5 91. Kd7 Rh6 92. Kc7 Rh7 93. Kd7 Ke5 94. Ke8 Ke6 95. Ng8 Rg7 96. Kf8 Rf7+ 97. Ke8 Rf4 98. Ne7 Ra4 99. Nc8 1/2-1/2


[Site "https://www.chess.com"]

[Event "Titled Tuesday Blitz May 10 Early 2022"]
[White "FGHSMN"]
[Black "Levitskiy, Andrey"]
[BlackFideId "14132885"]
[WhiteElo "2758"]
[BlackElo "2552"]
[Result "1-0"]
[Round "04"]
[TimeControl "180+1"]
[Date "2022.05.11"]
[WhiteClock "0:00:19"]
[BlackClock "0:00:02"]

1. c4 e5 2. Nf3 Nc6 3. d4 d6 4. Nc3 exd4 5. Nxd4 Be7 6. g3 Nf6 7. Bg2 Bd7 8. O-O O-O 9. b3 Nxd4 10. Qxd4 Bc6 11. e4 Nd7 12. Bb2 Bf6 13. Qd2 Re8 14. Rfe1 a5 15. Rad1 Nc5 16. f4 Qe7 17. Nd5 Bxd5 18. exd5 Qd7 19. Bxf6 gxf6 20. h3 b6 21. Kh2 Rxe1 22. Rxe1 Re8 23. g4 Kf8 24. Rf1 Qe7 25. Qf2 Qe3 26. Qh4 Kg7 27. g5 f5 28. Qh6+ Kg8 29. Qf6 Qd3 30. Rf3 Qc2 31. h4 Nd7 32. Qh6 Re2 33. Rg3 Nf8 34. h5 Qd2 35. Qf6 Qxf4 36. h6 Qh4+ 37. Kg1 Re1+ 38. Kf2 Re2+ 39. Kxe2 Qh5+ 40. Kf2 Qxg5 41. Rxg5+ 1-0


[Site "https://www.chess.com"]

[Event "Titled Tuesday Blitz May 10 Early 2022"]
[White "Fajdetic, Hrvoje"]
[Black "Odegov, Artem"]
[WhiteFideId "14501945"]
[BlackFideId "34183644"]
[WhiteElo "2172"]
[BlackElo "2286"]
[Result "1-0"]
[Round "04"]
[TimeControl "180+1"]
[Date "2022.05.11"]
[WhiteClock "0:00:02"]
[BlackClock "0:00:06"]

1. d4 Nf6 2. Bf4 g6 3. Nc3 Bg7 4. e4 d6 5. Qd2 O-O 6. O-O-O Nbd7 7. Bh6 c6 8. h4 b5 9. f3 b4 10. Nb1 c5 11. e5 Nh5 12. g4 Ng3 13. Rh3 Nxf1 14. Rxf1 dxe5 15. Bxg7 Kxg7 16. h5 Nf6 17. hxg6 fxg6 18. Qh6+ Kg8 19. dxe5 Qc7 20. exf6 exf6 21. Ne2 Ba6 22. Rf2 Rfe8 23. Rhh2 Rad8 24. Nd2 Qd7 25. b3 g5 26. Ne4 Rxe4 27. fxe4 Bxe2 28. Rxe2 Qd1+ 29. Kb2 Qd4+ 30. Kb1 Qd1+ 31. Kb2 Qd4+ 32. Kb1 Qg1+ 33. Kb2 Rd1 34. Qxh7+ Kf8 35. Qh8+ Ke7 36. Rh7+ Kd6 37. Qd8+ Kc6 38. Rc7+ Kb5 39. Qb8+ Ka5 40. Rxa7# 1-0


[Site "https://www.chess.com"]

[Event "Titled Tuesday Blitz May 10 Early 2022"]
[White "Federzoni, Enzo"]
[Black "Melian, Juan Sebastian"]
[WhiteFideId "2173301"]
[BlackFideId "3706575"]
[WhiteElo "1956"]
[BlackElo "1851"]
[Result "0-1"]
[Round "04"]
[TimeControl "180+1"]
[Date "2022.05.11"]
[WhiteClock "0:01:01"]
[BlackClock "0:00:50"]

1. d4 Nf6 2. Nc3 d5 3. Bf4 Bf5 4. e3 c6 5. Nf3 e6 6. h3 Bd6 7. Bxd6 Qxd6 8. g4 Be4 9. Rg1 Nbd7 10. g5 Bxf3 11. Qxf3 Ne4 12. Nxe4 dxe4 13. Qxe4 Qb4+ 14. Ke2 Qxb2 15. Bg2 Qb5+ 16. Kf3 Qxg5 17. h4 Qd5 18. Bh3 Nf6 19. Qxd5 cxd5 20. Rxg7 Ke7 21. Rb1 b6 22. a4 Rac8 23. a5 Rxc2 24. axb6 Ne4 25. Rg2 Nd2+ 26. Kf4 0-1


[Site "https://www.chess.com"]

[Event "Titled Tuesday Blitz May 10 Early 2022"]
[White "Fedoseev, Vladimir"]
[Black "Arabidze, Meri"]
[WhiteFideId "24130737"]
[BlackFideId "13604040"]
[WhiteElo "2726"]
[BlackElo "2335"]
[Result "1/2-1/2"]
[Round "04"]
[TimeControl "180+1"]
[Date "2022.05.10"]
[WhiteClock "0:00:07"]
[BlackClock "0:00:03"]

1. d4 f5 2. Nc3 Nf6 3. Bg5 d5 4. e3 c6 5. Bd3 Qb6 6. Rb1 g6 7. Bxf6 exf6 8. h4 h5 9. Nge2 Be6 10. a3 Nd7 11. b4 Qc7 12. Na4 Bf7 13. c3 b5 14. Nc5 a5 15. Qc2 Bxc5 16. bxc5 a4 17. Nf4 Nf8 18. Kd2 Ne6 19. Nxe6 Bxe6 20. g3 O-O 21. Rb4 Kg7 22. Qd1 Rae8 23. Qf3 Qd7 24. Qf4 Rc8 25. f3 Qc7 26. Qxc7+ Rxc7 27. e4 fxe4 28. fxe4 f5 29. e5 f4 30. Rg1 fxg3 31. Rxg3 Bf5 32. Rb1 Bxd3 33. Kxd3 Rcf7 34. Ke3 Kh6 35. Rbg1 Rg8 36. Rf3 Rxf3+ 37. Kxf3 Rf8+ 38. Ke3 Kg7 39. c4 bxc4 40. Rb1 g5 41. hxg5 Kg6 42. Rb6 Kxg5 43. Rxc6 h4 44. Rc7 h3 45. Rg7+ Kh4 46. Rh7+ Kg3 47. Rg7+ Kh4 48. e6 h2 49. e7 Re8 50. Kf4 Kh3 51. Rg3+ Kh4 52. Rg7 Kh3 53. Rg3+ Kh4 54. Rg4+ Kh3 55. Rg3+ 1/2-1/2


[Site "https://www.chess.com"]

[Event "Titled Tuesday Blitz May 10 Early 2022"]
[White "Fier, Alexandr"]
[Black "Hambleton, Aman"]
[WhiteFideId "2107139"]
[BlackFideId "2606577"]
[WhiteElo "2571"]
[BlackElo "2552"]
[Result "1-0"]
[Round "04"]
[TimeControl "180+1"]
[Date "2022.05.10"]
[WhiteClock "0:01:59"]
[BlackClock "0:00:02"]

1. d4 Nf6 2. c4 e6 3. Nc3 Bb4 4. e3 b6 5. Ne2 Bb7 6. Ng3 O-O 7. Bd3 Re8 8. O-O Bf8 9. e4 d6 10. f4 e5 11. fxe5 dxe5 12. d5 Nbd7 13. Bg5 h6 14. Be3 g6 15. Qd2 Ng4 16. Kh1 Nxe3 17. Qxe3 Qe7 18. Rf3 Bg7 19. Raf1 Rf8 20. Qf2 a5 21. Nb5 Rac8 22. Na7 Rce8 23. Nb5 Nc5 24. Bc2 Bc8 25. h3 h5 26. Ne2 Rd8 27. b3 Nb7 28. Nec3 Bh6 29. Na7 Bd7 30. Ncb5 Bxb5 31. Nxb5 Nd6 32. Na7 Rde8 33. Nc6 Qg5 34. Rd1 Bg7 35. Rf1 h4 36. Bd3 Bh6 37. a3 Kg7 38. b4 axb4 39. axb4 f5 40. c5 bxc5 41. bxc5 fxe4 42. Rxf8 Nf5 43. Rxe8 Ng3+ 44. Kh2 Nxf1+ 45. Qxf1 Qf4+ 46. Qxf4 Bxf4+ 47. Kg1 exd3 48. Kf1 Kf7 49. Rxe5 Bxe5 50. Nxe5+ Kf6 51. Nxd3 Kf5 52. Ke2 1-0


[Site "https://www.chess.com"]

[Event "Titled Tuesday Blitz May 10 Early 2022"]
[White "Fromm, Marius"]
[Black "Daneshvar, Bardiya"]
[WhiteFideId "12993190"]
[BlackFideId "12576468"]
[WhiteElo "2574"]
[BlackElo "2831"]
[Result "0-1"]
[Round "04"]
[TimeControl "180+1"]
[Date "2022.05.11"]
[WhiteClock "0:00:09"]
[BlackClock "0:01:06"]

1. e4 Nf6 2. Nc3 d5 3. e5 Nfd7 4. d4 Nb6 5. Bd3 Nc6 6. Be3 Nb4 7. Nf3 Nxd3+ 8. Qxd3 Bg4 9. Nd2 e6 10. Rc1 Be7 11. O-O O-O 12. h3 Bf5 13. Qe2 Nd7 14. Nf3 b6 15. Nb1 c5 16. c3 c4 17. Rfe1 b5 18. a3 a5 19. Nbd2 Nb6 20. g4 Bd3 21. Qd1 Na4 22. Rb1 Bxb1 23. Qxb1 b4 24. axb4 axb4 25. Qc2 Qa5 26. Nb1 Rfb8 27. Bg5 Bf8 28. Bd2 bxc3 29. bxc3 Nb2 30. Ng5 Nd3 31. Qd1 Nxe1 32. Bxe1 Qa1 33. Qc2 Qxb1 34. Qe2 Ra1 35. Kg2 h6 36. Nf3 Rb2 37. Qe3 Qe4 0-1


[Site "https://www.chess.com"]

[Event "Titled Tuesday Blitz May 10 Early 2022"]
[White "Gallego Alcaraz, Andres Felipe"]
[Black "Baches Garcia, Guillermo"]
[WhiteFideId "4402669"]
[BlackFideId "2209764"]
[WhiteElo "2340"]
[BlackElo "2508"]
[Result "0-1"]
[Round "04"]
[TimeControl "180+1"]
[Date "2022.05.11"]
[WhiteClock "0:02:13"]
[BlackClock "0:01:27"]

1. d4 Nf6 2. c4 e6 3. Nf3 d5 4. g3 Be7 5. Bg2 O-O 6. O-O dxc4 7. Ne5 c5 8. dxc5 Qc7 9. Nxc4 Qxc5 10. Qb3 Nc6 11. Be3 Qh5 12. h3 e5 13. g4 Bxg4 14. hxg4 Nxg4 15. Rd1 Nd4 16. Bxd4 exd4 17. Qg3 Bh4 18. Qh3 Bxf2+ 19. Kf1 Qf5 20. Bf3 Ne3+ 0-1


[Site "https://www.chess.com"]

[Event "Titled Tuesday Blitz May 10 Early 2022"]
[White "Gatterer, Florian"]
[Black "Miszler, Levente"]
[WhiteFideId "811688"]
[BlackFideId "763276"]
[WhiteElo "2218"]
[BlackElo "1966"]
[Result "1-0"]
[Round "04"]
[TimeControl "180+1"]
[Date "2022.05.11"]
[WhiteClock "0:00:15"]
[BlackClock "0:00:05"]

1. c4 e5 2. Nc3 Nc6 3. Nf3 g6 4. d4 exd4 5. Nxd4 Bg7 6. Nxc6 bxc6 7. Qd2 Ne7 8. g3 O-O 9. Bg2 Rb8 10. b3 c5 11. Bb2 d6 12. O-O Bb7 13. Bxb7 Rxb7 14. Rad1 Nc6 15. Nd5 f5 16. Bxg7 Kxg7 17. Rfe1 Qe8 18. Qc3+ Qe5 19. f4 Qxc3 20. Nxc3 Re8 21. e4 fxe4 22. Nxe4 Nd4 23. Kf2 Rbb8 24. Nc3 c6 25. h3 Kf7 26. Rxe8 Rxe8 27. Re1 Rxe1 28. Kxe1 Ke6 29. Kf2 d5 30. g4 Nc2 31. Na4 Kd6 32. Nb2 Nb4 33. a3 Nc2 34. a4 Nd4 35. Kg3 Nxb3 36. Kh4 Nd2 37. Kg5 Nxc4 38. Nd1 d4 39. Kh6 Ne3 40. Nf2 Ng2 41. f5 gxf5 42. gxf5 Ke5 43. Kg5 c4 44. f6 Ke6 45. Ne4 c3 46. Nc5+ Kf7 47. Nd3 c5 48. Kf5 c4 49. Ne5+ Kf8 50. Nd7+ Kf7 51. Ne5+ Kf8 52. Nd7+ Ke8 53. Ne5 c2 54. f7+ Kf8 55. Kf6 c1=Q 56. Nd7# 1-0


[Site "https://www.chess.com"]